 Dungeon Crawl Stone Soup version 0.29-a0-542-g075992c915 (webtiles) character file.

Game seed: 17023472224071671244

9323 Essalna the Skirmisher (level 11, -5/94 HPs)
             Began as a Pale Draconian Transmuter on June 4, 2022.
             Was a Believer of Makhleb.
             Slain by a cane toad (19 damage)
             ... on level 1 of the Lair of Beasts.
             The game lasted 00:37:58 (12696 turns).

Essalna the Skirmisher (Pale Draconian Transmuter) Turns: 12696, Time: 00:37:58

Health: -5/94      AC:  9    Str: 12    XL:     11   Next: 21%
Magic:  18/18      EV: 18    Int: 18    God:    Makhleb [**....]
Gold:   2018       SH:  0    Dex: 12    Spells: 4/20 levels left

rFire   . . .      SeeInvis .     - Unarmed
rCold   . . .      Faith    .   (no shield)
rNeg    . . .      Spirit   .   (body armour unavailable)
rPois   +          Reflect  .   (helmet currently unavailable)
rElec   .          Harm     .   J - +1 cloak
rCorr   .          Rampage  .   (no gloves)
Will    .....                   (boots currently unavailable)
Stlth   +.........              y - amulet of magic regeneration
HPRegen 0.25/turn               c - ring of poison resistance
MPRegen 0.56/turn               w - +4 ring of evasion

@: lethally poisoned (-5 -> -15), appendages
A: horns 2, talons 2, breathe steam, AC +7, unfitting armour, cold-blooded,
steam resistance
a: Breathe Steam, End Transformation, Renounce Religion, Minor Destruction


You were on level 1 of the Lair of Beasts.
You worshipped Makhleb.
Makhleb was pleased with you.
You had temporarily grown beastly horns and talons.
You visited 2 branches of the dungeon, and saw 11 of its levels.
You also visited: Bailey.

You collected 2018 gold pieces.

Inventory:

Missiles
 A - a throwing net
Armour
 e - a scarf of shadows
 j - a +1 cloak
 k - a +0 pair of boots (melded)
 J - a +1 cloak (worn)
Magical Staves
 g - a staff of poison
 p - a staff of air
Jewellery
 c - a ring of poison resistance (left hand)
 m - a ring of willpower
 q - a ring of protection from fire
 w - a +4 ring of evasion (right hand)
 y - an amulet of magic regeneration (around neck)
Wands
 b - a wand of iceblast (13)
 d - a wand of paralysis (12)
 i - a wand of polymorph (14)
Scrolls
 n - 2 scrolls of vulnerability
 o - a scroll of fog
 x - a scroll of enchant weapon
 B - 2 scrolls of summoning
 C - a scroll of teleportation
 G - a scroll of amnesia {unknown}
 H - a scroll of brand weapon {unknown}
 K - 2 scrolls of magic mapping {unknown}
 L - a scroll of immolation {unknown}
Potions
 a - a potion of lignification
 f - 2 potions of brilliance
 h - 2 potions of ambrosia
 l - a potion of degeneration
 r - a potion of cancellation
 s - a potion of attraction
 t - a potion of resistance
 u - a potion of might
 v - a potion of flight
 z - 4 potions of curing {unknown}
 D - a potion of magic {unknown}
 E - a potion of mutation {unknown}
 F - 2 potions of haste {unknown}
 I - 2 potions of invisibility {unknown}


   Skills:
 + Level 7.9 Fighting
 + Level 6.8 Dodging
 + Level 7.8 Unarmed Combat
 - Level 5.0 Spellcasting
 + Level 7.6 Transmutations
 - Level 6.0 Ice Magic
 + Level 6.2 Earth Magic


You had 4 spell levels left.
You knew the following spells:

 Your Spells              Type           Power      Damage    Failure   Level
a - Beastly Appendage     Tmut           64%        N/A       1%          1
b - Ice Form              Ice/Tmut       29%        N/A       9%          4
c - Statue Form           Tmut/Erth      19%        N/A       75%         6
d - Blade Hands           Tmut           16%        N/A       16%         5

Your spell library contained the following spells:

 Spells                   Type           Power      Damage    Failure   Level
 Wereblood                Tmut           32%        N/A       1%          2
 Petrify                  Tmut/Erth      29%        N/A       8%          4
 Spider Form              Tmut/Pois      18%        N/A       9%          3
 Apportation              Tloc           8%         N/A       13%         1
 Necrotize                Necr           16%        1d4       13%         1
 Summon Small Mammal      Summ           16%        N/A       13%         1
 Call Canine Familiar     Summ           4%         N/A       36%         3
 Confusing Touch          Hex            4%         N/A       36%         3
 Dazzling Flash           Conj/Hex       8%         N/A       36%         3
 Summon Guardian Golem    Hex/Summ       4%         N/A       36%         3
 Iskenderun's Mystic Bla  Conj/Tloc      4%         2d3       78%         4
 Yara's Violent Unravell  Hex/Tmut       9%         3d6       61%         5
 Metabolic Englaciation   Hex/Ice        7%         N/A       71%         5
 Iron Shot                Conj/Erth      7%         9d2       99%         6
 Starburst                Conj/Fire      2%         6d3       100%        6
 Enfeeble                 Hex            2%         N/A       100%        7
 Animate Armour           Summ/Erth      Unusable   N/A       N/A         4

Dungeon Overview and Level Annotations

Branches:
Dungeon (10/15)            Temple (0/1) D:7            Lair (1/6) D:10
 Bailey (visited)
    Orc: D:9-12

Altars:
Ashenzari
Elyvilon
Fedhas
Hepliaklqana
Kikubaaqudgha
Makhleb
Nemelex Xobeh
Ru
Sif Muna
Uskayaw
Vehumet
Zin
Beogh


Innate Abilities, Weirdness & Mutations

You have temporarily grown beastly horns and talons.
You can breathe blasts of scalding, opaque steam.
Your pale cyan-grey scales are hard. (AC +7)
You cannot fit into any form of body armour.
You are cold-blooded and may be slowed by cold attacks.
You are immune to the effects of steam.


Message History

The komodo dragon is heavily wounded.
You feel very sick.
You hear an angry hiss.
The cane toad stings you.
You are more poisoned.
The cane toad poisons you! The cane toad attacks as you move away!
The cane toad stings you but does no damage.
You feel extremely sick.
The water moccasin bites the fungus!
The fungus begins to die.
A komodo dragon comes into view.
You feel extremely sick.
You feel very sick. The cane toad closely misses you.
Casting: Ice Form (dangerous; 9% risk of failure)
Confirm with . or Enter, or press ? or * to list all spells.
You warm up again.
Your +1 cloak unmelds from your body.
Your +0 pair of boots unmelds from your body.
You grow a pair of large bovine horns.
Your feet morph into talons.
Your +0 pair of boots melds into your body.
You feel very sick.
The komodo dragon is no longer moving slowly.
The cane toad stings you!
* * * LOW HITPOINT WARNING * * *
You barely miss the cane toad.
You claw the cane toad, but do no damage.
You headbutt the cane toad.
The cane toad is lightly wounded.
You feel very sick.
A nearby fungus withers and dies.
The water moccasin bites you.
* * * LOW HITPOINT WARNING * * *
The cane toad closely misses you. The water moccasin bites you.
* * * LOW HITPOINT WARNING * * *
You hit the cane toad but do no damage. Your headbutt misses the cane toad.
You tail-slap the cane toad.
The cane toad is lightly wounded.
You feel very sick. The cane toad stings you!!
You die...

.........#
...^.....#
####P###<#
##.# #..##
##..#
##.## #..#
##@## P##
##FS#
.....#ll##
........#
.###.....#
###..##
#..# ...#
#...#


You could see 2 komodo dragons, a cane toad and a water moccasin.

Vanquished Creatures
  The ghost of stabb the Thaumaturge, a novice DjFE (D:7)
  Amaemon (D:8)
  An orc knight (Bailey)
  A deep elf pyromancer (Bailey)
  Joseph (D:8)
  Maggie (D:6)
  An orange demon (D:8)
  2 komodo dragons (Lair:1)
  2 trolls
  2 hornets
  Sigmund (D:6)
  2 wyverns
  6 yaks (D:10)
  2 steam dragons
  A warg (D:7)
  9 orc warriors
  2 black bears (D:6)
  4 ice beasts
  An ogre (D:7)
  A centaur (D:8)
  3 bullfrogs
  2 scorpions
  12 wights
  A jelly (D:6)
  4 hounds
  5 orc priests
  A gnoll shaman (D:6)
  An iguana (D:6)
  7 orc wizards
  Natasha (thrice) (D:2)
  3 adders
  7 gnolls
  3 shadow imps
  2 ufetubi (D:5)
  4 worms
  5 dart slugs
  39 orcs
  3 ball pythons (D:1)
  8 endoplasms
  A giant cockroach (D:1)
  11 hobgoblins
  2 jackals (D:3)
  A kobold (D:1)
  3 quokkas
  6 bats
  3 frilled lizards
  7 goblins
  9 rats
198 creatures vanquished.

Vanquished Creatures (collateral kills)
  2 orc warriors (Bailey)
  An ogre (D:5)
  An orc priest (D:5)
  A jelly (D:5)
  A white imp (D:5)
  2 orcs
8 creatures vanquished.

Vanquished Creatures (others)
  9 fungi
  2 plants (D:10)
11 creatures vanquished.

Grand Total: 217 creatures vanquished

Notes
Turn   | Place    | Note
-------+----------+-------------------------------------------
     0 | D:1      | Essalna the Draconian Transmuter began the quest for the
                  | Orb.
     0 | D:1      | Reached XP level 1. HP: 16/16 MP: 3/3
   245 | D:1      | Reached XP level 2. HP: 21/23 MP: 3/5
   936 | D:2      | Reached XP level 3. HP: 25/29 MP: 4/6
  1032 | D:2      | Noticed Natasha
  1042 | D:2      | Killed Natasha
  1073 | D:2      | Noticed Natasha
  1084 | D:2      | Killed Natasha
  1085 | D:2      | Reached XP level 4. HP: 27/37 MP: 5/7
  1174 | D:2      | Noticed Natasha
  1186 | D:2      | Killed Natasha
  1646 | D:2      | Identified the +9 dagger "Ogre's Foe" {venom, Drain Str+4
                  | Dex+3 SInv}
  1754 | D:2      | Found a faded altar of an unknown god.
  2066 | D:3      | Reached XP level 5. HP: 40/44 MP: 6/8
  2102 | D:3      | Noticed Terence
  2111 | D:3      | Learned a level 4 spell: Ice Form
  2113 | D:3      | Noticed Terence
  2113 | D:3      | Terence changed into Terence the endoplasm
  2118 | D:3      | Killed Terence the endoplasm
  2457 | D:4      | Found a hide-covered altar of Uskayaw.
  2938 | D:4      | Reached skill level 1 in Ice Magic
  3096 | D:4      | Found an ancient bone altar of Kikubaaqudgha.
  3096 | D:4      | Found a shimmering blue altar of Sif Muna.
  3098 | D:4      | Found a radiant altar of Vehumet.
  3499 | D:5      | Entered Level 5 of the Dungeon
  3724 | D:3      | Reached XP level 6. HP: 48/51 MP: 7/9
  3841 | D:3      | Found a sparkling altar of Nemelex Xobeh.
  4376 | D:5      | Noticed an orc warrior
  4380 | D:5      | Noticed an ice beast
  4417 | D:5      | Identified 2 scrolls of acquirement
  4648 | D:5      | Noticed an ice beast
  4665 | D:5      | Killed an ice beast
  4666 | D:5      | Your scales start taking on a pale cyan-grey colour.
  4666 | D:5      | Reached XP level 7. HP: 12/58 MP: 8/11
  4666 | D:5      | Gained mutation: You are immune to the effects of steam.
                  | [Pale Draconian growth]
  5121 | D:5      | Learned a level 6 spell: Statue Form
  5561 | D:6      | Reached skill level 1 in Earth Magic
  5600 | D:6      | Reached XP level 8. HP: 31/67 MP: 10/12
  5784 | D:6      | Identified the +2 robe "Qyack" {rPois Int-4 Dex+7}
  5841 | D:6      | Found a white marble altar of Elyvilon.
  5909 | D:6      | Reached skill level 5 in Unarmed Combat
  6124 | D:6      | Noticed Sigmund
  6126 | D:6      | Killed Sigmund
  6264 | D:6      | Reached skill level 5 in Fighting
  6515 | D:6      | Reached skill level 5 in Transmutations
  6596 | D:6      | Noticed Maggie
  6627 | D:6      | Killed Maggie
  6628 | D:6      | Reached XP level 9. HP: 74/74 MP: 13/15
  6649 | D:6      | Acquired 905 gold pieces
  6656 | D:6      | Acquired 406 gold pieces
  6900 | D:7      | Found a broken altar of Ashenzari.
  6900 | D:7      | Found a glowing silver altar of Zin.
  7082 | D:7      | Found a staircase to the Ecumenical Temple.
  7211 | D:7      | Found a burning altar of Makhleb.
  7212 | D:7      | Noticed a green death
  7217 | D:7      | Noticed a smoke demon
  7219 | D:7      | Became a worshipper of Makhleb the Destroyer
  7245 | D:7      | Found a flagged portal.
  7256 | Bailey   | Entered a bailey
  7571 | Bailey   | Found a large runed translucent door.
  7571 | Bailey   | Found a large runed translucent door.
  7572 | Bailey   | Noticed an orc knight
  7572 | Bailey   | Noticed a deep elf pyromancer
  7664 | Bailey   | Reached skill level 5 in Dodging
  7678 | Bailey   | Killed an orc knight
  8032 | Bailey   | Killed a deep elf pyromancer
  8047 | Bailey   | Identified the +8 mace "Hydraslayer" {drain, rN+ Dex+3}
  8167 | D:7      | Reached skill level 5 in Ice Magic
  8286 | D:7      | Found a runed translucent gate.
  8287 | D:7      | Noticed stabb's ghost (novice DjFE)
  8288 | D:7      | Found a runed translucent gate.
  8288 | D:7      | Found a runed translucent gate.
  8841 | D:7      | Reached * piety under Makhleb
  8842 | D:7      | Reached skill level 5 in Spellcasting
  8842 | D:7      | Reached XP level 10. HP: 84/84 MP: 14/17
  8937 | D:7      | Killed stabb's ghost
  9284 | D:8      | Noticed an orange demon
  9284 | D:8      | Noticed Amaemon
  9403 | D:8      | Killed Amaemon
  9705 | D:8      | Noticed Joseph
  9716 | D:8      | Killed Joseph
  9717 | D:8      | Reached skill level 5 in Earth Magic
 10227 | D:8      | Paralysed by a hornet for 2 turns
 10318 | D:8      | Killed an orange demon
 10845 | D:9      | Found a hazy altar of Hepliaklqana.
 10892 | D:9      | Found a sacrificial altar of Ru.
 11116 | D:9      | Learned a level 5 spell: Blade Hands
 11143 | D:9      | Found a blossoming altar of Fedhas.
 11553 | D:9      | Reached ** piety under Makhleb
 12372 | D:10     | Entered Level 10 of the Dungeon
 12434 | D:10     | Reached XP level 11. HP: 92/92 MP: 18/18
 12624 | D:10     | Found a staircase to the Lair.
 12637 | Lair:1   | Entered Level 1 of the Lair of Beasts
 12696 | Lair:1   | Slain by a cane toad

Illustrated notes

Levels and vault maps discovered:
D:1:      lemuel_arrival_hallway, layout_rooms, palyth_stone_intersect,
          hex_intersection
D:2:      layout_rooms, ebering_ecumenical_altar_sacrificial,
          serial_bayou_pond_c, uniq_natasha
D:3:      layout_basic, nemelex_diamond_rough_becter, uniq_terence
D:4:      layout_basic, grunt_temple_overflow_magic_moments, kennysheep_mini
D:5:      layout_cave_pools, abandoned_shop, guppyfry_early_orc_mine
D:6:      layout_cave_pods, elyvilon_altar_5, uniq_maggie, uniq_sigmund
D:7:      layout_loops_corners, jmf_multi_god_temple, makhleb_altar_promises_db,
          minmay_temple_entry_from_below_a, enter_bailey_2,
          biasface_ghost_orc_armoury, kennysheep_generic_room_9
D:8:      layout_loops_cross, uniq_joseph, uniq_amaemon
D:9:      layout_loops_ring, general_overflow_altar,
          mainiacjoe_overflow_large_starburst
D:10:     layout_basic, mainiacjoe_overflow_24_doors,
          grunt_lair_entry_orc_guard_hut, serial_glass, glass_columns_a,
          glass_columns_b, glass_columns_b, glass_columns_b, glass_columns_c,
          glass_columns_a
Lair:1:   layout_chaotic_city, serial_forest, infiniplex_forest_zigzag_1,
          infiniplex_forest_zigzag_1, infiniplex_forest_clump_long,
          infiniplex_forest_end_2, infiniplex_forest_straight_3,
          infiniplex_forest_clump_double, infiniplex_forest_straight_1,
          infiniplex_forest_clump_curved, infiniplex_forest_straight_3,
          beast_lair_carwin_1

Skill      XL: |  1  2  3  4  5  6  7  8  9 10 11 |
---------------+----------------------------------+-----
Dodging        | 2 3 4 5 6 |  6.8
Fighting       | 2 3 4 5 6 7 |  7.9
Transmutations | 3 4 5 6 7 |  7.6
Unarmed Combat | 4 5 6 7 |  7.8
Ice Magic      | 1 2 3 4 5 6 |  6.0
Spellcasting   | 3 4 5 |  5.0
Earth Magic    | 1 2 4 5 6 |  6.2

Action                   |  1- 3 |  4- 6 |  7- 9 | 10-12 || total
-------------------------+-------+-------+-------+-------++-------
Melee: Unarmed           |    82 |   178 |   171 |   208 ||   639
       Kick              |    20 |    44 |    49 |     1 ||   114
       Tailslap          |    11 |    21 |    25 |     1 ||    58
       Headbutt          |     9 |    26 |    31 |     1 ||    67
       Punch             |     2 |     2 |     5 |       ||     9
 Cast: Beastly Appendage |    21 |    44 |    33 |     3 ||   101
       Ice Form          |       |       |     2 |    20 ||    22
 Abil: Breathe Steam     |       |       |    35 |     3 ||    38
Evoke: Wand              |       |     1 |     4 |       ||     5
  Use: Potion            |     1 |     2 |       |       ||     3
       Scroll            |       |     7 |    12 |     1 ||    20
 Stab: Sleeping          |       |     1 |       |     1 ||     2
       Paralysed         |       |       |     9 |       ||     9
Armor: Skin              |    16 |    90 |    45 |    48 ||   199
Dodge: Dodged            |    47 |   166 |   129 |   150 ||   492

Table legend: (Time is in decaauts)
 A = Elapsed time spent in this place.
 B = Non-inter-level travel time spent in this place.
 C = Inter-level travel time spent in this place.
 D = Time resting spent in this place.
 E = Time spent auto-exploring this place.
 F = Levels seen in this place.
 G = Mean time per level.
                   A        B        C        D        E       F      G
               +--------+--------+--------+--------+--------+-----+--------+
         Total |  12667 |  11918 |    749 |    446 |   9075 |  12 | 1055.6 |
       Dungeon |  11754 |  11005 |    749 |    446 |   8514 |  10 | 1175.4 |
          Lair |     56 |     56 |      0 |      0 |     29 |   1 |   56.0 |
        Bailey |    856 |    856 |      0 |      0 |    532 |   1 |  856.0 |
               +--------+--------+--------+--------+--------+-----+--------+

Top non-repeatable levels by time:
     D:4: 2061 daAuts
     D:8: 1953 daAuts
     D:7: 1413 daAuts
     D:6: 1364 daAuts
     D:9: 1240 daAuts
     D:2: 1032 daAuts
     D:1: 926 daAuts
  Bailey: 856 daAuts
     D:5: 846 daAuts
     D:3: 657 daAuts
    D:10: 257 daAuts
  Lair:1: 56 daAuts
